 Dungeon Crawl Stone Soup version 0.28-a0-1524-ge72afd5fc6 (webtiles) character file.

Game seed: 17565569201846344665

7 psuckher the Firebug (level 1, 0/14 HPs)
             Began as a Draconian Fire Elementalist on Jan 17, 2022.
             Slain by a jackal (2 damage)
             ... on level 1 of the Dungeon.
             The game lasted 00:01:31 (201 turns).

psuckher the Firebug (Draconian Fire Elementalist)   Turns: 201, Time: 00:01:32

Health: 0/14       AC:  4    Str: 10    XL:     1   Next: 91%
Magic:  3/3        EV: 12    Int: 15    God:
Gold:   0          SH:  0    Dex: 11    Spells: 3/4 levels left

rFire   . . .      SeeInvis .   (no weapon)
rCold   . . .      Faith    .   (no shield)
rNeg    . . .      Spirit   .   (armour unavailable)
rPois   .          Reflect  .   (helmet restricted)
rElec   .          Harm     .   (no cloak)
rCorr   .          Rampage  .   (no gloves)
Will    .....                   (no boots)
Stlth   ++........              (no amulet)
HPRegen 0.04/turn               (no ring)
MPRegen 0.08/turn               (no ring)

@: no status effects
A: AC +4, unfitting armour, cold-blooded
a: no special abilities


You were on level 1 of the Dungeon.
You visited 1 branch of the dungeon, and saw 1 of its levels.

You aren't carrying anything.


   Skills:
 + Level 1.9 Dodging
 + Level 1.7 Stealth
 + Level 2.0 Spellcasting
 + Level 1.0 Conjurations
 + Level 3.4 Fire Magic


You had 3 spell levels left.
You knew the following spells:

 Your Spells              Type           Power      Damage    Failure   Level
a - Foxfire               Conj/Fire      32%        2x1d5     9%          1

Your spell library contained the following spells:

 Spells                   Type           Power      Damage    Failure   Level
 Scorch                   Fire           22%        2d6       9%          2
 Conjure Flame            Conj/Fire      8%         6-21      26%         3
 Inner Flame              Hex/Fire       6%         N/A       32%         3
 Flame Wave               Conj/Fire      8%         2d4       65%         4


Dungeon Overview and Level Annotations

Branches:
Dungeon (1/15)

Altars:


Innate Abilities, Weirdness & Mutations

Your plain brown scales are hard. (AC +4)
You cannot fit into any form of body armour.
You are cold-blooded and may be slowed by cold attacks.


Message History

The jackal barely misses you.
You hit the jackal.
The jackal is severely wounded.
The jackal bites you.
* * * LOW HITPOINT WARNING * * *
You hit the jackal.
Your tail-slap misses the jackal.
The jackal is almost dead.
The jackal closely misses you.
Casting: Foxfire (safe; 10% risk of failure)
Press: ? - help, Q - select action Dir - look around, f - activate You conjure some foxfire!
The jackal bites you but does no damage. x2
The foxfire hits the jackal but does no damage.
The jackal is severely wounded.
The foxfire hits the jackal.
You kill the jackal!
Okay, then.
You see here a jackal corpse.
A goblin comes into view. It is wielding a +0 club.
You barely miss the goblin. The goblin hits you but does no damage.
You hit the goblin.
Your tail-slap misses the goblin.
The goblin is severely wounded.
The goblin hits you with a +0 club.
* * * LOW HITPOINT WARNING * * *
You closely miss the goblin.
The goblin is severely wounded.
The goblin closely misses you.
You closely miss the goblin.
The goblin is severely wounded.
The goblin completely misses you.
You hit the goblin.
You kill the goblin!
Things that are here:
a +0 club; a goblin corpse A jackal comes into view.
The jackal barks!
You hit the jackal but do no damage. The jackal barely misses you.
You closely miss the jackal.
Your tail-slap misses the jackal.
The jackal bites you.
You die...

##### #...### #...'.# #...#.#
###.#.# #.#.### #.#....
###########################.###.#
...............h@....)....†......
#####################.###.#.###.#
#.......#.# #(#.####.
###.#####.#.# #.####...
#...#..<#...# #.# ####
#.#.#.###.### #.# # ...#...#..[#
..# # ### #####.### ..# # #.


You could see a jackal.

Vanquished Creatures
  An endoplasm (D:1)
  2 hobgoblins (D:1)
  A jackal (D:1)
  2 goblins (D:1)
6 creatures vanquished.

Vanquished Creatures (others)
  8 foxfires (D:1)
8 creatures vanquished.

Grand Total: 14 creatures vanquished

Notes
Turn   | Place    | Note
-------+----------+-------------------------------------------
     0 | D:1      | psuckher the Draconian Fire Elementalist began the quest
                  | for the Orb.
     0 | D:1      | Reached XP level 1. HP: 14/14 MP: 3/3
   201 | D:1      | Slain by a jackal

Illustrated notes

Levels and vault maps discovered:
D:1:      elethiomel_arrival_maze, layout_basic, kennysheep_crisscross

Action                   || total
-------------------------++-------
Melee: Unarmed           ||    26
       Tailslap          ||     2
 Cast: Foxfire           ||     8
Armor: Skin              ||    12
Dodge: Dodged            ||    25

Table legend: (Time is in decaauts)
 A = Elapsed time spent in this place.
 B = Non-inter-level travel time spent in this place.
 C = Inter-level travel time spent in this place.
 D = Time resting spent in this place.
 E = Time spent auto-exploring this place.
 F = Levels seen in this place.
 G = Mean time per level.
                   A        B        C        D        E       F      G
               +--------+--------+--------+--------+--------+-----+--------+
         Total |    202 |    202 |      0 |      0 |      0 |   1 |  202.0 |
       Dungeon |    202 |    202 |      0 |      0 |      0 |   1 |  202.0 |
               +--------+--------+--------+--------+--------+-----+--------+

Top non-repeatable levels by time:
     D:1: 202 daAuts
